AoeStats
← Vimabuma

Arabian Desert

510253239Analyzed
1v1 RM · 2d ago on Sep 30, 2026· 28m 43s· 2 players
Game mode
Random Map
Map size
Tiny (2 player)
Population
200
Speed
Normal
Resources
Standard
Victory
Conquest
Starting age
Dark Age
Ending age
Imperial Age
RankedLock teamsTeams togetherTeam positionsShared explorationLock speedFull tech treeHidden civsTurbo modeCheats
Victory
Defeat
🇺🇸 Ethiopians · United States
865
+15
🇨🇴 Vietnamese · Colombia
845
-15
Vimabuma
2:39 Loom
10:52 Feudal Age
21:52 Town Watch
22:54 Fletching
24:32 Double-Bit Axe
30:13 Castle Age
28:23 Padded Archer Armor
yxkks
6:16 Loom
9:24 Feudal Age
9:33 Man-at-Arms
10:25 Double-Bit Axe
18:49 Fletching
22:20 Castle Age
21:38 Horse Collar
21:52 Gold Mining
22:59 Crossbowman
24:19 Bow Saw
24:51 Bodkin Arrow
27:40 Wheelbarrow
27:41 Ballistics
28:13 Stone Mining
Connection lost

Rejoining the realm…

Still unreachable

The connection could not be restored.

Session expired

The server has moved on; the page needs a fresh start.